 Dungeon Crawl Stone Soup version 0.18.1-48-g4cf74bf (webtiles) character file.

233 Inkary the Chopper (level 6, -2/56 HPs)
             Began as a Hill Orc Fighter on July 21, 2016.
             Slain by Inkary's ghost (18 damage)
             ... on level 4 of the Dungeon.
             The game lasted 00:04:00 (2299 turns).

Inkary the Chopper (Hill Orc Fighter)               Turns: 2299, Time: 00:04:01

Health: -2/56      AC:  6    Str: 26    XL:     6   Next: 4%
Magic:  6/6        EV: 10    Int:  8    God:
Gold:   136        SH:  0    Dex: 10    Spells: 0 memorised, 5 levels left

rFire  + . .     SeeInvis .     l - -1 war axe (curse)
rCold  x . .     Gourm    .     b - +0 scale mail
rNeg   . . .     Faith    .     (no shield)
rPois  .         Spirit   .     (no helmet)
rElec  .         Dismiss  .     (no cloak)
rCorr  .         Reflect  .     (no gloves)
SustAt .         Harm     .     (no boots)
MR     .....                    w - amulet of regeneration
Stlth  ..........               (no ring)
                                u - ring of fire

@: mighty, drained, not resistant to hostile enchantments, extremely unstealthy
A: no striking features
a: no special abilities


You were on level 4 of the Dungeon.
You were not hungry.

You visited 1 branch of the dungeon, and saw 4 of its levels.

You collected 136 gold pieces.

Inventory:

Hand Weapons
 a - a +0 war axe
 l - a cursed -1 war axe (weapon)
Armour
 b - a +0 scale mail (worn)
 c - a +0 shield
Jewellery
 h - an uncursed amulet of dismissal
 u - a ring of fire (left hand)
 w - an amulet of regeneration (around neck)
Wands
 s - a wand of iceblast (13/15)
 y - a wand of slowing (16/48)
Scrolls
 j - 2 scrolls of remove curse {unknown}
 k - 2 scrolls of teleportation {unknown}
 n - 2 scrolls of identify {unknown}
 p - 3 scrolls of random uselessness {unknown}
 t - 2 scrolls of blinking {unknown}
 v - 2 scrolls of recharging {unknown}
 B - a scroll of noise {unknown}
 D - a scroll of enchant armour {unknown}
Potions
 e - a potion of berserk rage {unknown}
 i - 2 potions of agility {unknown}
 m - 2 potions of brilliance {unknown}
 o - a potion of mutation {unknown}
 q - a potion of curing {unknown}
 x - 2 potions of heal wounds {unknown}
 A - a potion of degeneration {unknown}
Comestibles
 f - 2 bread rations
 g - 2 slices of pizza
 r - 2 beef jerkies
 z - a meat ration
 C - 8 chunks of flesh


   Skills:
 + Level 5.2 Fighting
 + Level 5.3 Axes
 - Level 3.2 Armour
 + Level 4.8 Shields


You had 5 spell levels left.
You didn't know any spells.

Dungeon Overview and Level Annotations

Branches:
Dungeon (4/15)
 Temple: D:4-7

Altars:
Ashenzari
Elyvilon
Fedhas
Makhleb
Yredelemnul

Annotations:
D:4 Inkary's ghost, amateur HOFi


Message History

Inkary's ghost misses you. Inkary's ghost hits you!
You hit Inkary's ghost but do no damage.
Inkary's ghost is lightly damaged.
Inkary's ghost hits you.
You hit Inkary's ghost but do no damage.
Inkary's ghost is lightly damaged.
Inkary's ghost hits you.
You hit Inkary's ghost.
Inkary's ghost is lightly damaged.
Inkary's ghost hits you!
You hit Inkary's ghost.
Inkary's ghost is moderately damaged.
Inkary's ghost hits you. x2
* * * LOW HITPOINT WARNING * * *
You are too injured to fight recklessly!
You are too injured to fight recklessly!
Drink which item? (? for menu, Esc to quit)
You feel very mighty all of a sudden. Inkary's ghost hits you!!
You die...

#..........#### .
#........#....# #
....###........#.##.#.#
..#..............##...#
..####........#......#
#. ###........#.##..##
#..#..........#)# ##
#..#.#........#.#
.##...#.#####.##@#
.....<#.# .##W#
......#.# ##..
###...#.# #..# #......
.... ....... .....
....... ..... ........
....... ###.....#


You could see Inkary's ghost.

Vanquished Creatures
  A scorpion (D:4)
  An orc priest (D:4)
  Ijyb (D:2)
  A hound skeleton (D:4)
  3 adders
  An ooze (D:1)
  A worm (D:2)
  2 dart slugs
  3 giant geckos
  4 orcs
  2 giant cockroaches
  13 goblins
  7 hobgoblins
  5 jackals
  9 kobolds
  3 ball pythons
  5 bats (D:1)
  2 giant newts (D:2)
  2 gnoll zombies (D:3)
  2 rats
68 creatures vanquished.

Vanquished Creatures (others)
  A bat (D:3)
  A kobold (D:3)
2 creatures vanquished.

Grand Total: 70 creatures vanquished

Notes
Turn   | Place    | Note
--------------------------------------------------------------
     0 | D:1      | Inkary the Hill Orc Fighter began the quest for the Orb.
     0 | D:1      | Reached XP level 1. HP: 19/19 MP: 1/1
    30 | D:1      | Reached XP level 2. HP: 21/27 MP: 2/2
   334 | D:1      | Reached XP level 3. HP: 33/33 MP: 3/3
   584 | D:2      | Found a burning altar of Makhleb.
   633 | D:2      | Found a shattered altar of Ashenzari.
   720 | D:2      | Found a blossoming altar of Fedhas.
   784 | D:2      | Noticed Ijyb
   799 | D:2      | Killed Ijyb
   799 | D:2      | Reached XP level 4. HP: 41/41 MP: 4/4
  1753 | D:3      | Reached XP level 5. HP: 27/47 MP: 5/5
  1899 | D:3      | Found a basalt altar of Yredelemnul.
  1953 | D:3      | Found a white marble altar of Elyvilon.
  2205 | D:4      | Reached skill level 5 in Fighting
  2205 | D:4      | Reached skill level 5 in Axes
  2231 | D:4      | Reached XP level 6. HP: 17/56 MP: 6/6
  2286 | D:4      | Noticed Inkary's ghost (amateur HOFi)
  2299 | D:4      | Slain by Inkary's ghost

Skill      XL: |  1  2  3  4  5 |
---------------+----------------+-----
Axes           | 3 4 5 |  5.3
Fighting       | 4 5 |  5.2
Shields        | 4 |  4.8
Armour         | |  3.2

Action                   |  1- 3 |  4- 6 || total
-------------------------+-------+-------++-------
Melee: War axe           |    91 |   165 ||   256
  Use: Potion            |       |     1 ||     1
  Eat: Chunk             |       |     5 ||     5
Armor: Scale mail        |    39 |    74 ||   113
Dodge: Dodged            |    31 |    83 ||   114
Block: Shield            |    45 |       ||    45
